 Dungeon Crawl Stone Soup version 0.21.1-1-g345015f (webtiles) character file.

998 straycat the Slicer (level 8, -1/55 HPs)
             Began as a Vampire Wanderer on Mar 2, 2018.
             Killed by divine providence
             ... invoked by an orc priest
              (10 damage)
             ... on level 4 of the Dungeon.
             The game lasted 00:28:12 (5677 turns).

straycat the Slicer (Vampire Wanderer)              Turns: 5677, Time: 00:28:14

Health: -1/55      AC:  8    Str: 14    XL:     8   Next: 0%
Magic:  17/17      EV: 12    Int: 12    God:
Gold:   193        SH:  8    Dex: 19    Spells: 7/7 levels left

rFire    . . .     SeeInvis +   n - +10 falchion of the Hawk {slice, SInv}
rCold    . . .     Gourm    .   d - +2 buckler
rNeg     + . .     Faith    .   j - +2 ring mail "Cosunuse" {MP+9}
rPois    .         Spirit   .   p - +0 helmet
rElec    .         Reflect  .   (no cloak)
rCorr    .         Harm     .   (no gloves)
MR       .....                  (no boots)
Stlth    ++........             (no amulet)
HPRegen  0.18/turn              h - +4 ring of dexterity
MPRegen  0.15/turn              (no ring)

@: no status effects
A: fangs 3, see invisible, unbreathing
a: Bat Form


You were on level 4 of the Dungeon.
You were not thirsty.

You visited 1 branch of the dungeon, and saw 4 of its levels.

You collected 193 gold pieces.

Inventory:

Hand Weapons
 b - a +0 long sword
 c - a +0 quarterstaff
 g - a +0 hunting sling
 n - the +10 falchion of the Hawk (weapon) {slice, SInv}
   (You found it on level 4 of the Dungeon)

   It inflicts extra damage upon your enemies.
   It lets you see invisible.
 q - a cursed -3 blowgun
 t - a +0 trident
 u - a +5 dagger of venom
 v - a +3 club
Missiles
 i - 10 bolts
 l - 21 arrows
 r - 20 poisoned needles
Armour
 d - a +2 buckler (worn)
 j - the +2 ring mail "Cosunuse" (worn) {MP+9}
   (You found it on level 4 of the Dungeon)

   It affects your magic capacity (+9).
 o - a +0 leather armour
 p - a +0 helmet (worn)
Jewellery
 h - a +4 ring of dexterity (left hand)
Wands
 m - a wand of iceblast (9)
Scrolls
 a - a scroll of identify
 w - a scroll of remove curse
Potions
 e - a potion of curing {unknown}
 f - 15 potions of blood
 k - a potion of degeneration {unknown}
 s - 2 potions of haste
 x - a potion of resistance {unknown}


   Skills:
 - Level 1.7 Fighting
 + Level 8.7 Short Blades
 - Level 1.5 Staves
 - Level 3.2 Dodging
 - Level 3.0 Stealth
 - Level 4.1 Shields


You had 7 spell levels left.
You didn't know any spells.

Dungeon Overview and Level Annotations

Branches:
Dungeon (4/15)
 Temple: D:4-7

Altars:
Qazlal
The Shining One


Innate Abilities, Weirdness & Mutations

You have razor-sharp teeth.
You have supernaturally acute eyesight. (SInv)
You can survive without breathing.


Message History

The tomahawk hits you but does no damage.
The orc priest barely misses the freed slave.
You hit the orc wizard.
The orc wizard is moderately wounded.
The orc wizard hits you but does no damage.
The orc throws a tomahawk.
The tomahawk barely misses the freed slave.
You block the tomahawk.
The orc priest mumbles some strange prayers to Beogh against you.
Beogh smites you!
* * * LOW HITPOINT WARNING * * *
Unknown command.
The freed slave hits the orc priest.
The freed slave hits the orc priest but does no damage.
The orc priest barely misses the freed slave.
You block the orc's attack.
The freed slave barely misses the orc priest.
The orc priest mumbles some strange prayers to Beogh against you.
Beogh smites you!
You die...

#. #.## #..#
#.######
##......#######
#..##.........###
##.##########.....
##.## ######
##.@## ##.oo.##
#..(...#
#...)p...#
#....po.p..#
#....o.....#
#....p......#
#.%.....[...#
##...........


You could see 2 orc priests, an orc wizard (invisible), an orc and 4 neutral
freed slaves.

Vanquished Creatures
  Pikel (D:4)
  2 ogres
  The ghost of Madtoaster55 the Charmwright, an amateur GnSk (D:3)
  An orc wizard (D:3)
  A worker ant (D:4)
  Robin (D:4)
  9 adders
  2 oozes (D:3)
  5 worms
  A dart slug (D:2)
  3 leopard geckos (D:2)
  12 orcs
  3 ball pythons
  5 bats
  4 giant cockroaches
  17 goblins
  12 hobgoblins
  8 jackals
  5 frilled lizards
  4 kobolds
  9 rats
106 creatures vanquished.

Notes
Turn   | Place    | Note
-------+----------+-------------------------------------------
     0 | D:1      | straycat the Vampire Wanderer began the quest for the Orb.
     0 | D:1      | straycat set off with: a +2 dagger, a scroll of blinking, a +0 quarterstaff, a +0 buckler, a +0 robe, a potion of blood
     0 | D:1      | Reached XP level 1. HP: 16/16 MP: 1/1
     2 | D:1      | Noticed a halfling
     2 | D:1      | Noticed a ghoul
     4 | D:1      | Noticed a dwarf
     4 | D:1      | Noticed an elf
     6 | D:1      | Noticed a felid
     8 | D:1      | Noticed a vine stalker
    10 | D:1      | Noticed a vampire
    10 | D:1      | Noticed a draconian
    12 | D:1      | Noticed a merfolk
    14 | D:1      | Noticed a demigod
    14 | D:1      | Noticed an ogre
    16 | D:1      | Noticed a naga
    16 | D:1      | Noticed a minotaur
    18 | D:1      | Noticed a human
    18 | D:1      | Noticed a spriggan
    20 | D:1      | Noticed a formicid
    20 | D:1      | Noticed a demonspawn
    22 | D:1      | Noticed an octopode
    22 | D:1      | Noticed a tengu
    24 | D:1      | Noticed a centaur
    26 | D:1      | Noticed a gargoyle
    26 | D:1      | Noticed a troll
   187 | D:1      | Reached XP level 2. HP: 22/22 MP: 2/2
   728 | D:2      | Reached XP level 3. HP: 27/27 MP: 3/3
  1163 | D:2      | Found a stormy altar of Qazlal.
  1186 | D:2      | Noticed an ogre
  1676 | D:2      | Reached XP level 4. HP: 33/33 MP: 4/4
  2653 | D:3      | Found a glowing golden altar of the Shining One.
  3035 | D:3      | Reached skill level 1 in Short Blades
  3255 | D:3      | Reached XP level 5. HP: 38/38 MP: 5/5
  3424 | D:3      | Noticed Madtoaster55's ghost (amateur GnSk)
  3431 | D:3      | Reached skill level 2 in Short Blades
  4203 | D:3      | Killed Madtoaster55's ghost
  4203 | D:3      | Reached skill level 3 in Short Blades
  4330 | D:3      | Reached skill level 4 in Short Blades
  4463 | D:3      | Reached XP level 6. HP: 33/44 MP: 6/6
  4737 | D:4      | Got a pitted ring mail
  4787 | D:4      | Identified the +2 ring mail "Cosunuse" {MP+9} (You found it on level 4 of the Dungeon)
  5086 | D:3      | Reached skill level 5 in Short Blades
  5311 | D:4      | Noticed Robin
  5313 | D:4      | Got a warped falchion
  5538 | D:4      | Reached skill level 6 in Short Blades
  5547 | D:4      | Killed Robin
  5547 | D:4      | Reached XP level 7. HP: 49/49 MP: 7/7
  5559 | D:4      | Identified the +10 falchion of the Hawk {slice, SInv} (You found it on level 4 of the Dungeon)
  5664 | D:4      | Noticed Pikel
  5674 | D:4      | Killed Pikel
  5674 | D:4      | Reached skill level 8 in Short Blades
  5674 | D:4      | Reached XP level 8. HP: 22/55 MP: 8/8
  5677 | D:4      | Killed from afar by an orc priest

Skill      XL: |  1  2  3  4  5  6  7 |
---------------+----------------------+-----
Shields        | 2 3 4 |  4.1
Short Blades   | 1 4 6 8 |  8.7
Fighting       | |  1.7
Staves         | |  1.5
Dodging        | |  3.2
Stealth        | |  3.0

Action                   |  1- 3 |  4- 6 |  7- 9 || total
-------------------------+-------+-------+-------++-------
Melee: Dagger            |   129 |   302 |       ||   431
       Bite              |    12 |    34 |     1 ||    47
       Falchion          |       |       |    11 ||    11
 Abil: Bat Form          |     1 |     2 |       ||     3
       End Transformatio |       |     2 |       ||     2
  Use: Potion            |     5 |    12 |       ||    17
       Scroll            |       |    14 |       ||    14
 Stab: Sleeping          |     9 |     4 |       ||    13
       Distracted        |       |     1 |       ||     1
  Eat: Corpse            |       |     1 |       ||     1
Armor: Robe              |    18 |    12 |       ||    30
       Ring mail         |       |    24 |     6 ||    30
       Leather armour    |       |     4 |       ||     4
Dodge: Dodged            |    66 |   141 |    10 ||   217
Block: Buckler           |    24 |   102 |     9 ||   135
       Rpst.: Falchion   |       |       |     5 ||     5
